 Dungeon Crawl Stone Soup version 0.18.1-8-gdd0e5ea (webtiles) character file.

64544 mrath the Thrower (level 14, -6/137 HPs)
             Began as a Troll Hunter on June 7, 2016.
             Was a High Priest of Okawaru.
             Mangled by a two-headed ogre
             ... wielding a +0 giant club
              (15 damage)
             ... on level 2 of the Orcish Mines.
             The game lasted 03:07:50 (25066 turns).

mrath the Thrower (Troll Hunter)                   Turns: 25066, Time: 03:07:51

Health: -6/137     AC:  8    Str: 23    XL:     14   Next: 72%
Magic:  17/19      EV: 17    Int:  7    God:    Okawaru [*****.]
Gold:   2563       SH:  0    Dex: 14    Spells: 1 memorised, 12 levels left

rFire  . . .     SeeInvis .       - Unarmed
rCold  . . .     Gourm    +     C - +1 robe "Opeis" {rElec Slay+3}
rNeg   . . .     Faith    .     (no shield)
rPois  +         Spirit   .     (helmet restricted)
rElec  +         Dismiss  .     I - +0 cloak
rCorr  .         Reflect  .     (gloves unavailable)
SustAt .         Harm     .     (boots unavailable)
MR     +....                    q - amulet of regeneration
Stlth  +++++.....               O - ring of poison resistance
                                g - ring of stealth

@: heroism, somewhat resistant to hostile enchantments, quite stealthy
A: unfitting armour, claws 3, fast metabolism 3, gourmand, regeneration 2,
shaggy fur 1, tough skin 2
a: Heroism, Finesse, Renounce Religion


You were on level 2 of the Orcish Mines.
You worshipped Okawaru.
Okawaru was extremely pleased with you.
You were very full.

You visited 4 branches of the dungeon, and saw 22 of its levels.
You also visited: Ossuary and Bailey.

You collected 2563 gold pieces.

Inventory:

Hand Weapons
 l - a +1 flail of protection
 n - a +0 morningstar of protection
 F - a +0 blowgun
 Q - a +0 giant spiked club
Missiles
 a - 2 throwing nets
 i - 9 poisoned tomahawks
 o - 6 javelins of returning
 J - 9 large rocks (quivered)
 K - 36 tomahawks of returning
 P - 16 tomahawks
Armour
 C - the +1 robe "Opeis" (worn) {rElec Slay+3}
   (Okawaru gifted it to you on level 8 of the Lair of Beasts)

   It affects your accuracy and damage with ranged weapons and melee attacks
   (+3).
   It insulates you from electricity.
 I - a +0 cloak (worn)
 L - a +2 hat
 N - a cursed +0 large shield
Jewellery
 g - a ring of stealth (left claw)
 q - an amulet of regeneration (around neck)
 D - an uncursed ring of fire
 M - an uncursed ring of ice
 O - a ring of poison resistance (right claw)
Wands
 w - a wand of flame (17/48)
 E - a wand of iceblast (15/15)
 R - a wand of lightning (7/15)
Scrolls
 e - 5 scrolls of identify
 f - a scroll of magic mapping
 m - 8 scrolls of remove curse
 p - a scroll of enchant weapon
 r - a scroll of blinking
 v - 5 scrolls of fear
 y - 2 scrolls of teleportation
Potions
 k - 6 potions of curing
 s - 4 potions of heal wounds
 t - 4 potions of lignification
 u - 6 potions of flight
 x - 3 potions of might
 A - 3 potions of cure mutation
 B - 2 potions of agility
 V - 2 potions of berserk rage
Books
 H - a book of Conjurations

   Spells                             Type                      Level
   a - Magic Dart                     Conjuration                  1
   b - Searing Ray                    Conjuration                  2
   c - Dazzling Spray                 Conjuration/Hexes            3
   d - Fulminant Prism                Conjuration/Hexes            4
   e - Iskenderun's Mystic Blast      Conjuration                  4
   f - Iskenderun's Battlesphere      Conjuration/Charms           5
Miscellaneous
 d - a box of beasts
Comestibles
 b - a slice of pizza
 c - 18 chunks of flesh
 h - 17 fruits
 j - 3 meat rations
 z - 7 bread rations
 G - a beef jerky


   Skills:
 + Level 8.5(13.5) Fighting
 + Level 9.9(14.9) Throwing
 + Level 6.9(11.9) Armour
 + Level 8.1(13.1) Dodging
 + Level 6.8(11.8) Stealth
 + Level 9.9(14.9) Unarmed Combat
 + Level 8.2 Invocations
 + Level 7.3 Evocations


You had 12 spell levels left.
You knew the following spells:

 Your Spells              Type           Power        Failure   Level  Hunger
a - Infusion              Chrm           #...         47%         1    ##.....


Dungeon Overview and Level Annotations

Branches:
Dungeon (11/15)            Temple (1/1) D:7            Lair (8/8) D:10
  Swamp (0/4) Lair:4        Snake (0/4) Lair:4        Slime (0/6) Lair:6
    Orc (2/2) D:11            Elf (0/3) Orc:2

Altars:
Cheibriados
Dithmenos
Elyvilon
Fedhas
Gozag
Kikubaaqudgha
Okawaru
Pakellas
Qazlal
Sif Muna
Trog
Vehumet
Xom
Yredelemnul
Zin
The Shining One

Shops:
D:4 (   D:6 (   Orc:1 %   Orc:2 [(

Annotations:
D:3 Scarto's ghost, amateur DsFi
D:8 Erolcha
Lair:6 exclusion: 2 oklob plants


Innate Abilities, Weirdness & Mutations

You are too large for most types of armour.
You have claws for hands.
Your metabolism is lightning-fast.
You like to eat raw meat.
You heal very quickly.
You are covered in fur (AC +1).
You have very tough skin (AC +2).


Message History

The two-headed ogre hits you but does no damage.
The ogre mage points at you and mumbles some strange words.
You resist with some effort. The two-headed ogre barely misses you.
The two-headed ogre closely misses you.
You closely miss the ogre mage. Your claw misses the ogre mage.
The ogre mage is severely wounded.
The ogre mage closely misses you.
You mangle the ogre mage!!
You kill the ogre mage!
Okawaru accepts your kill. The two-headed ogre barely misses you.
The two-headed ogre misses you. x2
The two-headed ogre completely misses you.
You scratch the two-headed ogre.
The two-headed ogre is lightly wounded.
You barely miss the two-headed ogre.
The two-headed ogre is lightly wounded.
The two-headed ogre hits you with a giant club!!
* * * LOW HITPOINT WARNING * * *
The two-headed ogre hits you with a giant club!
You die...

..##.##.##.........######........
...########........## #.........
...# ##........## ##.##.#... <..#
##....#...# #######.# #.##
#........## #.. ### ##.#.....##
##. ####)..#.## #.. ##......##
##. ###.@......#### ##
......O)O........##
.......(..........##
######..########...# O..... ##..#
O..(.. #..# O..(.). #..#
....∩∩...OOO.....# O...O....#


You could see 2 two-headed ogres.

Vanquished Creatures
  The ghost of Gagarin the Blocker, an adept FoFi of the Shining One (Lair:4)
  An orc warlord (Orc:1)
  The ghost of F1L1N the Fighter, a journeyman GrBe of Trog (Lair:5)
  4 ogre magi (Orc:2)
  4 hydras
  A catoblepas (Lair:7)
  Erica (Lair:2)
  An anaconda (Lair:8)
  A queen ant (Lair:5)
  5 death yaks
  2 unseen horrors (D:10)
  An orc knight (Orc:2)
  A hill giant (D:10)
  The ghost of Britaniac the Basher, a novice GrFi of Okawaru (D:8)
  Pikel (D:4)
  3 orc sorcerers
  A griffon (Lair:6)
  A cyclops (D:11)
  12 elephants
  2 black mambas
  16 spiny frogs
  6 komodo dragons
  3 rime drakes
  4 trolls
  A queen bee (D:9)
  2 polar bears
  Prince Ribbit (D:5)
  18 blink frogs
  13 two-headed ogres
  38 yaks
  A wraith (Ossuary)
  A spriggan (Lair:2)
  9 hippogriffs
  A basilisk (Lair:5)
  3 wyverns
  A hungry ghost (D:10)
  A steam dragon (Lair:5)
  9 soldier ants
  2 wargs (Orc:2)
  21 water moccasins
  12 porcupines
  3 ice beasts
  A slave (D:3)
  16 orc warriors
  5 sky beasts
  A necrophage (D:5)
  3 black bears
  27 ogres
  5 centaurs
  A phantom (D:4)
  21 wolves
  13 crocodiles
  A big kobold (D:8)
  22 giant frogs
  2 wyvern skeletons
  3 scorpions
  20 killer bees
  3 wights (D:11)
  4 howler monkeys
  An electric eel (Lair:4)
  3 crimson imps
  A centaur zombie (D:8)
  A quasit (D:11)
  2 hounds
  2 jellies
  Crazy Yiuf (D:4)
  2 giant frog skeletons
  2 centaur skeletons
  A gnoll shaman (Orc:1)
  10 orc priests
  4 iguanas
  Terence (D:3)
  13 orc wizards
  26 worker ants
  A killer bee zombie (D:8)
  A hound zombie (D:8)
  A hound skeleton (D:11)
  3 mummies (Ossuary)
  A worker ant zombie (D:11)
  2 howler monkey skeletons
  4 gnolls (Orc:1)
  10 adders
  41 river rats
  3 shadow imps
  2 oozes
  6 adder zombies
  4 adder skeletons
  6 worms
  A dart slug (D:3)
  6 giant geckos
  74 orcs
  A bat zombie (D:2)
  7 giant cockroaches
  11 hobgoblins
  15 jackals
  21 kobolds
  9 quokkas
  3 ball pythons
  5 bats
  A giant cockroach zombie (D:2)
  2 giant gecko skeletons
  3 giant newts
  2 gnoll zombies (Ossuary)
  10 goblins
  3 goblin zombies (Ossuary)
  3 hobgoblin zombies (Ossuary)
  A jackal zombie (D:2)
  4 kobold zombies (Ossuary)
  A quokka skeleton (D:8)
  3 quokka zombies
  11 rats
  3 fungi
  4 plants
718 creatures vanquished.

Vanquished Creatures (others)
  A hippogriff (Lair:8)
  An iguana (D:5)
  An orc wizard (D:3)
  A river rat (Lair:8)
  A dart slug (D:4)
  32 fungi
  14 plants
51 creatures vanquished.

Grand Total: 769 creatures vanquished

Notes
Turn   | Place    | Note
--------------------------------------------------------------
     0 | D:1      | mrath the Troll Hunter began the quest for the Orb.
     0 | D:1      | Reached XP level 1. HP: 19/19 MP: 0/0
   599 | D:1      | Reached XP level 2. HP: 28/28 MP: 1/1
   893 | D:2      | Reached skill level 1 in Unarmed Combat
   942 | D:2      | Reached XP level 3. HP: 31/35 MP: 2/2
   967 | D:2      | Learned a level 1 spell: Infusion
  1095 | D:2      | Found an iron altar of Okawaru.
  1133 | D:2      | Became a worshipper of Warmaster Okawaru
  1252 | D:2      | Reached XP level 4. HP: 42/44 MP: 3/3
  1458 | D:3      | Noticed Scarto's ghost (amateur DsFi)
  1785 | D:3      | Reached skill level 1 in Stealth
  1785 | D:3      | Reached XP level 5. HP: 48/50 MP: 4/4
  2259 | D:3      | Noticed Terence
  2271 | D:3      | Killed Terence
  2461 | D:3      | Reached skill level 1 in Evocations
  2640 | D:3      | Found a faded altar to an unknown god.
  2825 | D:4      | Noticed a fire elemental
  2827 | D:4      | Found a stormy altar of Qazlal.
  2829 | D:4      | Noticed a water elemental
  2869 | D:4      | Found a sand-covered staircase.
  2876 | Ossuary  | Entered an ossuary
  2876 | Ossuary  | Noticed a wraith
  2876 | Ossuary  | Noticed a wraith
  2876 | Ossuary  | Noticed a wraith
  3106 | Ossuary  | Reached skill level 1 in Invocations
  3191 | Ossuary  | Noticed a wraith
  3196 | Ossuary  | Killed a wraith
  3196 | Ossuary  | Reached * piety under Okawaru
  3196 | Ossuary  | Reached XP level 6. HP: 61/61 MP: 4/6
  3670 | D:4      | Noticed Pikel
  3670 | D:4      | Noticed a slave
  3671 | D:4      | Noticed a slave
  3671 | D:4      | Noticed a slave
  3672 | D:4      | Noticed a slave
  3692 | D:4      | Found a glowing golden altar of the Shining One.
  3712 | D:3      | Killed a slave
  3727 | D:4      | Killed Pikel
  3727 | D:4      | Reached ** piety under Okawaru
  3727 | D:4      | Reached XP level 7. HP: 48/68 MP: 4/7
  3826 | D:4      | Found Nesch's Antique Weapon Emporium.
  3932 | D:4      | Reached XP level 8. HP: 77/78 MP: 8/8
  4211 | D:4      | Noticed a moth of wrath
  4231 | D:4      | Found a bloodstained altar of Trog.
  4800 | D:4      | Noticed Crazy Yiuf
  4805 | D:4      | Killed Crazy Yiuf
  4805 | D:4      | Reached skill level 5 in Throwing
  4883 | D:5      | Entered Level 5 of the Dungeon
  5050 | D:5      | Found a snail-covered altar of Cheibriados.
  5337 | D:5      | Found a glowing silver altar of Zin.
  5715 | D:5      | Found an oddly glowing altar of Pakellas.
  5715 | D:5      | Noticed an orange crystal statue
  5763 | D:5      | Found an opulent altar of Gozag.
  5812 | D:6      | Noticed Prince Ribbit
  5940 | D:6      | Found an ancient bone altar of Kikubaaqudgha.
  6005 | D:5      | Killed Prince Ribbit
  6151 | D:6      | Found Somolyij's Weapon Emporium.
  6318 | D:6      | Found a basalt altar of Yredelemnul.
  6360 | D:6      | Reached XP level 9. HP: 85/85 MP: 7/10
  6708 | D:7      | Got an iridescent whip
  6713 | D:7      | Identified the +1 whip "Oneluxa" {holy, rN+ Str+3} (You found it on level 7 of the Dungeon)
  6922 | D:7      | Found a staircase to the Ecumenical Temple.
  6934 | Temple   | Entered the Ecumenical Temple
  6967 | D:7      | Reached *** piety under Okawaru
  7038 | D:7      | Found a white marble altar of Elyvilon.
  7504 | D:8      | Noticed Britaniac's ghost (novice GrFi)
  7533 | D:8      | Killed Britaniac's ghost
  7533 | D:8      | Reached skill level 5 in Fighting
  7533 | D:8      | Reached skill level 5 in Unarmed Combat
  7660 | D:8      | Reached skill level 1 in Armour
  7835 | D:8      | Reached **** piety under Okawaru
  8286 | D:8      | Noticed Erolcha
  8403 | D:8      | Found a deep blue altar of Sif Muna.
  8511 | D:9      | Received a gift from Okawaru
  8525 | D:9      | Reached XP level 10. HP: 96/96 MP: 12/12
  8803 | D:9      | Found a shimmering altar of Xom.
  9338 | D:9      | Received a gift from Okawaru
  9338 | D:9      | Reached skill level 5 in Dodging
  9346 | D:9      | Found a blossoming altar of Fedhas.
  9588 | D:10     | Entered Level 10 of the Dungeon
  9671 | D:10     | Found a staircase to the Lair.
  9908 | D:10     | Noticed a hill giant
  9911 | D:10     | Killed an unseen horror
  9911 | D:10     | Reached skill level 5 in Invocations
  9919 | D:10     | Killed a hill giant
  9919 | D:10     | Reached ***** piety under Okawaru
 10016 | D:10     | Received a gift from Okawaru
 10032 | D:10     | Killed an unseen horror
 10443 | D:10     | Reached XP level 11. HP: 94/105 MP: 13/13
 10562 | Lair:1   | Entered Level 1 of the Lair of Beasts
 10916 | Lair:1   | Received a gift from Okawaru
 11573 | Lair:2   | Reached skill level 5 in Evocations
 11580 | Lair:2   | Received a gift from Okawaru
 11872 | Lair:2   | Noticed Erica
 11890 | Lair:2   | Killed Erica
 12464 | Lair:2   | Noticed a four-headed hydra
 12480 | Lair:2   | Killed a four-headed hydra
 12480 | Lair:2   | Received a gift from Okawaru
 12531 | Lair:2   | Noticed a seven-headed hydra
 12536 | Lair:2   | Killed a seven-headed hydra
 12536 | Lair:2   | Received a gift from Okawaru
 12798 | Lair:3   | Reached XP level 12. HP: 96/115 MP: 12/15
 13127 | Lair:3   | You fall through a shaft for 3 floors!
 13132 | Lair:6   | Found a staircase to the Slime Pits.
 13503 | Lair:5   | Reached skill level 5 in Stealth
 13529 | Lair:5   | Noticed F1L1N's ghost (journeyman GrBe)
 14773 | Lair:4   | Found a staircase to the Snake Pit.
 14880 | Lair:4   | Found a staircase to the Swamp.
 15499 | Lair:4   | Received a gift from Okawaru
 15679 | Lair:4   | Noticed Gagarin's ghost (adept FoFi)
 15697 | Lair:4   | Killed Gagarin's ghost
 15697 | Lair:4   | Received a gift from Okawaru
 15697 | Lair:4   | Reached skill level 5 in Armour
 16094 | Lair:5   | Received a gift from Okawaru
 16185 | Lair:5   | Noticed a queen ant
 16731 | Lair:5   | Killed a queen ant
 16731 | Lair:5   | Received a gift from Okawaru
 16836 | Lair:5   | Killed F1L1N's ghost
 16836 | Lair:5   | Reached XP level 13. HP: 81/124 MP: 9/17
 18805 | Lair:8   | Entered Level 8 of the Lair of Beasts
 18855 | Lair:7   | HP: 4/126 [komodo dragon (22)]
 18862 | Lair:7   | Received a gift from Okawaru
 19865 | Lair:8   | Got a warped robe
 20312 | Lair:8   | Received a gift from Okawaru
 20567 | Lair:8   | Reached XP level 14. HP: 136/136 MP: 14/18
 20713 | Lair:8   | Received a gift from Okawaru
 20714 | Lair:8   | Got a ripped robe {god gift}
 20760 | Lair:8   | Identified the +1 robe "Opeis" {rElec Slay+3} (Okawaru gifted it to you on level 8 of the Lair of Beasts)
 20770 | Lair:8   | Identified the +2 robe of the Last Dances {Str+3} (You found it on level 8 of the Lair of Beasts)
 21938 | D:11     | Found a staircase to the Orcish Mines.
 22546 | Orc:1    | Entered Level 1 of the Orcish Mines
 22546 | Orc:1    | Found a flagged portal.
 22592 | Bailey   | Entered a bailey
 22739 | Bailey   | Found a burning altar of Makhleb.
 22783 | Orc:1    | Noticed an orc warlord
 22937 | Orc:1    | Killed an orc warlord
 23175 | Orc:1    | Found a shimmering altar of Xom.
 23176 | Orc:1    | Found Kuaheun's Food Shop.
 23504 | Orc:2    | Entered Level 2 of the Orcish Mines
 23907 | Orc:2    | Found a staircase to the Elven Halls.
 24087 | Orc:2    | Found Poegg's Armour Boutique.
 24481 | Orc:2    | Paralysed by an ogre mage for 5 turns
 24928 | Orc:2    | Found Vavudar's Weapon Emporium.
 25051 | Orc:2    | Paralysed by an ogre mage for 7 turns
 25066 | Orc:2    | Mangled by a two-headed ogre

Skill      XL: |  1  2  3  4  5  6  7  8  9 10 11 12 13 14 |
---------------+-------------------------------------------+-----
Fighting       | 2 3 4 5 6 7 8 |  8.5
Unarmed Combat | 1 2 3 4 5 7 8 9 |  9.9
Dodging        | 2 3 4 5 6 7 8 |  8.1
Stealth        | 1 2 3 4 5 6 |  6.8
Throwing       | 4 5 6 7 8 9 |  9.9
Evocations     | 1 2 3 4 5 6 7 |  7.3
Invocations    | 1 2 3 4 5 6 7 8 |  8.2
Armour         | 1 3 4 5 6 |  6.9

Action                   |  1- 3 |  4- 6 |  7- 9 | 10-12 | 13-15 || total
-------------------------+-------+-------+-------+-------+-------++-------
Melee: Unarmed           |   119 |   232 |   355 |   726 |   783 ||  2215
       Punch             |       |     3 |     5 |    34 |    46 ||    88
       Giant club        |       |       |       |    15 |    12 ||    27
Throw: Large rock        |     3 |     7 |    28 |   117 |   190 ||   345
       Stone             |       |       |    16 |       |       ||    16
       Throwing net      |       |       |     5 |     2 |       ||     7
       Javelin           |       |       |       |       |    27 ||    27
Invok: Heroism           |       |     2 |    12 |    37 |    30 ||    81
       Finesse           |       |       |       |    10 |     8 ||    18
  Use: Scroll            |       |     6 |    11 |     8 |     3 ||    28
       Potion            |       |     2 |     1 |       |     5 ||     8
 Stab: Sleeping          |     1 |     5 |     4 |     1 |     5 ||    16
       Distracted        |     1 |       |     2 |       |     2 ||     5
       Held in net/web   |       |       |     1 |     1 |       ||     2
  Eat: Chunk             |    17 |    16 |    53 |    84 |    80 ||   250
       Pizza             |       |       |       |     1 |       ||     1
Armor: Robe              |    58 |    91 |    99 |    88 |    61 ||   397
       Troll leather arm |       |       |       |   103 |   121 ||   224
Dodge: Dodged            |    53 |   130 |   188 |   459 |   530 ||  1360
